 Dungeon Crawl Stone Soup version 0.26-a0-658-gbdda728c12 (webtiles) character file.

Game seed: 2850907625001900271

88 marklar909 the Bolt Thrower (level 4, -2/26 HPs)
             Began as a Kobold Arcane Marksman on Oct 5, 2020.
             Splashed by Ijyb's acid (9 damage)
             ... on level 3 of the Dungeon.
             The game lasted 00:05:14 (3621 turns).

marklar909 the Bolt Thrower (KoAM)                  Turns: 3621, Time: 00:05:15

Health: -2/26      AC:  2    Str:  8    XL:     4   Next: 81%
Magic:  5/5        EV: 14    Int: 14    God:
Gold:   168        SH:  0    Dex: 15    Spells: 1/5 levels left

rFire    . . .     SeeInvis .   b - +0 hand crossbow
rCold    . . .     Faith    .   (shield restricted)
rNeg     . . .     Spirit   .   e - +0 robe
rPois    .         Reflect  .   (no helmet)
rElec    .         Harm     .   (no cloak)
rCorr    .         Rampage  .   (no gloves)
MR       .....                  (no boots)
Stlth    +++.......             (no amulet)
HPRegen  0.08/turn              (no ring)
MPRegen  0.09/turn              (no ring)

@: drained
A: small, nightstalker 3
a: no special abilities


You were on level 3 of the Dungeon.
You visited 1 branch of the dungeon, and saw 3 of its levels.

You collected 168 gold pieces.

Inventory:

Hand Weapons
 a - a +0 rapier
 b - a +0 hand crossbow (weapon)
Missiles
 d - 47 bolts (quivered)
 j - 15 poisoned darts
Armour
 e - a +0 robe (worn)
 u - a +0 kite shield
Jewellery
 c - an uncursed ring of positive energy
 m - a cursed amulet of the acrobat {unknown}
 o - an uncursed ring of protection from fire {unknown}
 s - a cursed ring of teleportation {unknown}
Scrolls
 f - 3 scrolls of teleportation
 g - a scroll of identify {unknown}
 h - a scroll of enchant armour {unknown}
 k - a scroll of random uselessness {unknown}
 p - 2 scrolls of blinking {unknown}
 r - 2 scrolls of enchant weapon {unknown}
 t - 3 scrolls of remove curse {unknown}
Potions
 i - 3 potions of flight {unknown}
 l - 3 potions of curing {unknown}
 n - a potion of heal wounds {unknown}
 q - a potion of cancellation {unknown}


   Skills:
 * Level 2.2(1.4) Fighting
 * Level 0.7(0.0) Short Blades
 + Level 3.7(2.8) Crossbows
 * Level 2.6(1.7) Dodging
 * Level 2.0(1.1) Stealth
 + Level 1.1(0.2) Spellcasting
 * Level 3.5(2.6) Hexes
 * Level 0.2(0.0) Translocations


You had one spell level left.
You knew the following spells:

 Your Spells              Type           Power        Failure   Level
a - Corona                Hex            #......      10%         1
b - Portal Projectile     Hex/Tloc       #.....       45%         3

Your spell library contained the following spells:

 Spells                   Type           Power        Failure   Level
 Slow                     Hex            #.......     14%         2
 Inner Flame              Hex/Fire       #.......     45%         3
 Cause Fear               Hex            #.........   67%         4
 Leda's Liquefaction      Hex/Erth       #.........   86%         4


Dungeon Overview and Level Annotations

Branches:
Dungeon (3/15)

Altars:
Trog

Annotations:
D:3 Ijyb


Innate Abilities, Weirdness & Mutations

You are small and have problems with some larger weapons.
You are completely attuned to the shadows.


Message History

Ijyb barely misses you.
You aren't carrying any items that you can evoke.
Unknown command.
b - a +0 hand crossbow (weapon)
Ijyb hits you.
Okay, then.
Firing (i - inventory. (/) - cycle)
d - 49 bolts (quivered)
Press: ? - help, Shift-Dir - straight line, f - Ijyb
Aim: Ijyb, wearing a +0 leather armour and carrying a wand of acid (9)
You shoot a bolt. The bolt hits Ijyb but does no damage.
Ijyb hits you.
Unknown command.
Firing (i - inventory. (/) - cycle)
d - 48 bolts (quivered)
Press: ? - help, Shift-Dir - straight line, f/p - Ijyb
Aim: Ijyb, wearing a +0 leather armour and carrying a wand of acid (9)
You shoot a bolt. The bolt hits Ijyb but does no damage.
Ijyb zaps a wand.
The bolt of acid hits you!
Ouch! That really hurt!
* * * LOW HITPOINT WARNING * * *
You are splashed with acid!
You die...

.. .≈≈≈...#
#..#########≈≈..#
#......÷)..#≈≈.##
#.....†)..('...#
#.(.#..........'...#
#...#..........'...#
#.(.#...[......#≈≈##
#'(##..#########≈≈#
#..g...#)..#@.≈≈≈#
#......+(..g).≈≈≈#
#......#...#..≈≈##
#################


You could see Ijyb.

Vanquished Creatures
  2 adders
  A worm (D:3)
  A dart slug (D:2)
  5 orcs (D:3)
  4 giant cockroaches
  7 hobgoblins
  7 jackals
  5 bats
  5 frilled lizards
  8 goblins
  8 kobolds
  2 rats
55 creatures vanquished.

Vanquished Creatures (others)
  A wizard (D:3)
1 creature vanquished.

Grand Total: 56 creatures vanquished

Notes
Turn   | Place    | Note
-------+----------+-------------------------------------------
     0 | D:1      | marklar909 the Kobold Arcane Marksman began the quest for
                  | the Orb.
     0 | D:1      | Reached XP level 1. HP: 12/12 MP: 2/2
    26 | D:1      | Reached XP level 2. HP: 8/16 MP: 3/3
  1302 | D:2      | Reached XP level 3. HP: 12/20 MP: 4/4
  1858 | D:2      | Reached skill level 1 in Stealth
  2136 | D:2      | Learned a level 3 spell: Portal Projectile
  2203 | D:3      | Reached XP level 4. HP: 26/26 MP: 5/5
  2867 | D:3      | Found a bloodstained altar of Trog.
  2870 | D:3      | Noticed a wizard
  2883 | D:3      | Killed a wizard
  3534 | D:3      | Noticed Ijyb
  3621 | D:3      | Splashed by Ijyb's acid

Illustrated notes

Levels and vault maps discovered:
D:1:      minmay_arrival_checkered_box, layout_basic, lemuel_another_geyser
D:2:      layout_loops_ring
D:3:      kennysheep_goblin_castle, layout_rooms, trog_wizard

Skill      XL: |  1  2  3  4 |
---------------+-------------+-----
Crossbows      | 3 |  3.7
Fighting       | 2 |  2.2
Stealth        | 1 2 |  2.0
Short Blades   | |  0.7
Dodging        | |  2.6
Spellcasting   | |  1.1
Hexes          | |  3.5
Translocations | |  0.2

Action                   |  1- 3 |  4- 6 || total
-------------------------+-------+-------++-------
Melee: Dagger            |    76 |    15 ||    91
       Rapier            |       |    63 ||    63
 Fire: Hand crossbow     |    38 |    25 ||    63
Throw: Dart              |     1 |       ||     1
  Use: Scroll            |     1 |       ||     1
 Stab: Sleeping          |     5 |     1 ||     6
Armor: Robe              |    11 |     7 ||    18
Dodge: Dodged            |    91 |    84 ||   175

Table legend: (Time is in decaauts)
 A = Elapsed time spent in this place.
 B = Non-inter-level travel time spent in this place.
 C = Inter-level travel time spent in this place.
 D = Time resting spent in this place.
 E = Time spent auto-exploring this place.
 F = Levels seen in this place.
 G = Mean time per level.
                   A        B        C        D        E       F      G
               +--------+--------+--------+--------+--------+-----+--------+
         Total |   3639 |   3481 |    158 |    559 |   2374 |   3 | 1213.0 |
       Dungeon |   3639 |   3481 |    158 |    559 |   2374 |   3 | 1213.0 |
               +--------+--------+--------+--------+--------+-----+--------+

Top non-repeatable levels by time:
     D:3: 1341 daAuts
     D:1: 1241 daAuts
     D:2: 1056 daAuts
